 Dungeon Crawl Stone Soup version 0.31-a0-524-g2a164cf6a2 (webtiles) character file.

Game seed: 13280011810967718079

82 AdnanSaban the Trooper (level 4, 0/29 HPs)
             Began as a Gargoyle Fighter on Aug 12, 2023.
             Slain by Terence
             ... wielding a +1 flail of protection
              (5 damage)
             ... on level 3 of the Dungeon.
             The game lasted 00:02:05 (2152 turns).

AdnanSaban the Trooper (Gargoyle Fighter)           Turns: 2152, Time: 00:02:05

Health: 0/29       AC: 15    Str: 22    XL:     4   Next: 43%
Magic:  4/4        EV:  6    Int:  8    God:
Gold:   96         SH:  4    Dex:  9    Spells: 3/3 levels left

rFire   . . .        a - +0 flail
rCold   + . .        c - +0 buckler
rNeg    + . .        o - +0 plate armour
rPois   ∞            (no helmet)
rElec   +            (no cloak)
rCorr   .            (no gloves)
SInv    .            (no boots)
Will    .....        (no amulet) Stlth
                     f - ring of protection from cold
HPRegen 0.24/turn    (no ring)
MPRegen 0.09/turn

%: no passive effects
@: no status effects
A: sickness immunity, AC +3, negative energy resistance 1, electricity
resistance, torment resistance 1, petrification resistance
a: no special abilities


You were on level 3 of the Dungeon.
You visited 1 branch of the dungeon, and saw 4 of its levels.

You collected 96 gold pieces.

Inventory:

Hand Weapons
 a - a +0 flail (weapon)
Missiles
 k - 8 poisoned darts (quivered)
Armour
 c - a +0 buckler (worn)
 o - a +0 plate armour (worn)
Jewellery
 f - a ring of protection from cold (left hand)
Scrolls
 e - 3 scrolls of amnesia {unknown}
 g - 2 scrolls of poison {unknown}
 h - 3 scrolls of identify {unknown}
 i - a scroll of noise {unknown}
 l - a scroll of fear {unknown}
 m - a scroll of vulnerability {unknown}
Potions
 b - a potion of degeneration {unknown}
 d - a potion of might
 j - a potion of magic {unknown}
 n - a potion of attraction {unknown}


   Skills:
 + Level 4.0 Fighting
 + Level 3.3 Maces & Flails
 + Level 3.7 Armour
 + Level 0.3 Dodging
 + Level 3.5 Shields


You had 3 spell levels left.
You didn't know any spells.
Your spell library was empty.

Dungeon Overview and Level Annotations

Branches:
Dungeon (4/15)
 Temple: D:4-7

Altars:
Dithmenos
Sif Muna

Annotations:
D:2 Sigmund
D:3 Terence


Innate Abilities, Weirdness & Mutations

You are immune to sickness and miasma.
Your stone body is resilient. (AC +3)
You are immune to poison.
You resist negative energy. (rN+)
You are resistant to electric shocks. (rElec)
You are resistant to unholy torment.
You are immune to petrification.


Message History

You barely miss Terence.
Terence is moderately wounded.
Terence hits you but does no damage.
The endoplasm hits you but does no damage.
You hit Terence but do no damage.
Terence is moderately wounded.
Terence says, "Time to say good-bye..."
Terence hits you with a +1 flail of protection.
The endoplasm hits you but does no damage.
You barely miss Terence.
Terence is moderately wounded.
Terence hits you with a +1 flail of protection!
The endoplasm freezes you.
You are frozen.
You resist.
* * * LOW HITPOINT WARNING * * *
Terence barely misses you.
The endoplasm hits you but does no damage.
Terence attacks as you move away! Terence hits you but does no damage.
There is a stone staircase leading down here.
Terence hits you with a +1 flail of protection.
* * * LOW HITPOINT WARNING * * *
You climb downwards.
There is a stone staircase leading up here.
You hit Terence but do no damage.
Terence is moderately wounded.
Terence barely misses you.
You hit Terence but do no damage.
Terence is moderately wounded.
Terence hits you but does no damage.
You hit Terence but do no damage.
Terence is moderately wounded.
Terence hits you but does no damage.
You closely miss Terence.
Terence is moderately wounded.
You block Terence's attack.
You hit Terence.
Terence is heavily wounded.
Terence barely misses you.
Terence hits you with a +1 flail of protection.
You die...

#.# #.#.# #.# #.#.# ###
#.########.#.########.###
#........#.#.#........#..
########.#.#.#.######.#.#
########.#.#.............
##~~~~~##.#.#..^...###.###
#~~~~~~~#@#.#.............
####~~...~~#@#.#.......[..###
#..'..._.~~###.#.#..[.#####
#.##~~...~~#.)>...........###
#.##~~~~~~~###.###....##....#
#.###~~~~~##....#####.......#
#..###########..#####.#.....#
##....................#.....#
##.##########..#######.....#
#.# #....#.# #.#'###


You could see Terence.

Vanquished Creatures
  An adder (D:2)
  A worm (D:2)
  A dart slug (D:3)
  8 orcs (D:3)
  2 endoplasms
  3 giant cockroaches
  7 goblins
  4 hobgoblins
  4 jackals (D:3)
  4 kobolds
  2 quokkas (D:3)
  4 ball pythons
  6 bats
  4 frilled lizards
  2 rats
53 creatures vanquished.

Notes
Turn   | Place    | Note
-------+----------+-------------------------------------------
     0 | D:1      | AdnanSaban the Gargoyle Fighter began the quest for the
                  | Orb.
     0 | D:1      | Reached XP level 1. HP: 14/14 MP: 1/1
   319 | D:1      | Reached XP level 2. HP: 20/20 MP: 2/2
   640 | D:2      | Noticed Sigmund
   787 | D:3      | Reached XP level 3. HP: 24/24 MP: 3/3
   915 | D:3      | Found a shadowy altar of Dithmenos.
  1126 | D:3      | You fall into a shaft and drop 1 floor!
  1382 | D:3      | Found a shimmering blue altar of Sif Muna.
  1545 | D:3      | Reached XP level 4. HP: 25/29 MP: 4/4
  2118 | D:2      | Reached skill level 4 in Fighting
  2125 | D:2      | Noticed Terence
  2152 | D:3      | Slain by Terence

Illustrated notes

Levels and vault maps discovered:
D:1:      psy_arrival_wood_between_worlds, layout_basic
D:2:      layout_basic, uniq_terence, uniq_sigmund
D:3:      wad_river_or_something, layout_basic, led_sif_pool,
          nicolae_dithmenos_through_a_glass_darkly
D:4:      layout_basic, lemuel_round_altar

Skill      XL: |  1  2  3  4 |
---------------+-------------+-----
Maces & Flails | 3 |  3.3
Fighting       | 4 |  4.0
Armour         | |  3.7
Dodging        | |  0.3
Shields        | |  3.5

Action                     |  1- 3 |  4- 6 || total
---------------------------+-------+-------++-------
  Melee: Flail             |   133 |    50 ||   183
 Armour: Scale mail        |    75 |     6 ||    81
         Plate armour      |       |    23 ||    23
  Dodge: Dodged            |    60 |    22 ||    82
  Block: Buckler           |    28 |     9 ||    37

Table legend: (Time is in decaauts)
 A = Elapsed time spent in this place.
 B = Non-inter-level travel time spent in this place.
 C = Inter-level travel time spent in this place.
 D = Time resting spent in this place.
 E = Time spent auto-exploring this place.
 F = Levels seen in this place.
 G = Mean time per level.
                   A        B        C        D        E       F      G
               +--------+--------+--------+--------+--------+-----+--------+
         Total |   2207 |   2079 |    128 |      0 |   1628 |   4 |  551.8 |
       Dungeon |   2207 |   2079 |    128 |      0 |   1628 |   4 |  551.8 |
               +--------+--------+--------+--------+--------+-----+--------+

Top non-repeatable levels by time:
     D:3: 1361 daAuts
     D:1: 547 daAuts
     D:2: 286 daAuts
     D:4: 12 daAuts
